 Dungeon Crawl Stone Soup version 0.21.1-1-g345015f (webtiles) character file.

1995 letownia2 the Thaumaturge (level 9, 64/64 HPs)
             Began as a Demonspawn Wizard on Feb 8, 2018.
             Was an Initiate of Gozag.
             Quit the game on level 6 of the Dungeon.
             The game lasted 00:16:59 (6052 turns).

letownia2 the Thaumaturge (Demonspawn Wizard)       Turns: 6052, Time: 00:17:00

Health: 64/64      AC:  8    Str: 11    XL:     9   Next: 1%
Magic:  18/21      EV: 11    Int: 23    God:    Gozag
Gold:   733        SH:  0    Dex: 11    Spells: 15/24 levels left

rFire    + . .     SeeInvis .   a - +0 dagger (speed)
rCold    . . .     Gourm    .   (no shield)
rNeg     . . .     Faith    .   B - +3 leather armour
rPois    .         Spirit   .   p - +0 hat
rElec    .         Reflect  .   (no cloak)
rCorr    .         Harm     .   (no gloves)
MR       .....                  (no boots)
Stlth    +.........             (no amulet)
HPRegen  0.20/turn              G - +3 ring of intelligence
MPRegen  0.17/turn              (no ring)

@: gold aura
A: claws 1, yellow scales 1, fire resistance 1, spiny 2
a: Potion Petition, Call Merchant, Bribe Branch, Renounce Religion


You were on level 6 of the Dungeon.
You worshipped Gozag.
Gozag was pleased with you.
You were not hungry.

You visited 1 branch of the dungeon, and saw 6 of its levels.

You collected 925 gold pieces.
You spent 144 gold pieces at shops.
You paid 48 gold pieces to Gozag.

Inventory:

Hand Weapons
 a - a +0 dagger of speed (weapon)
 b - a +0 whip of freezing
 v - a cursed -1 mace
 w - a +3 whip
Missiles
 l - 2 curare-tipped needles
Armour
 i - a +0 scale mail
 p - a +0 hat (worn)
 B - a +3 leather armour (worn)
Jewellery
 G - a +3 ring of intelligence (left claw)
Wands
 y - a wand of flame (31)
 C - a wand of enslavement (20)
 D - a wand of random effects (19)
Scrolls
 e - 2 scrolls of teleportation {unknown}
 h - 4 scrolls of fog {unknown}
 k - 6 scrolls of identify {unknown}
 m - 7 scrolls of remove curse
 s - a scroll of amnesia {unknown}
 u - a scroll of immolation {unknown}
 A - a scroll of blinking {unknown}
 E - a scroll of holy word {unknown}
 F - a scroll of enchant armour {unknown}
Potions
 g - 3 potions of lignification {unknown}
 j - a potion of agility {unknown}
 n - a potion of heal wounds {unknown}
 o - a potion of cancellation {unknown}
 q - 3 potions of haste {unknown}
 r - a potion of might
 t - 2 potions of degeneration {unknown}
 x - a potion of resistance {unknown}
 z - 2 potions of brilliance {unknown}
Books
 c - a book of Minor Magic

   Spells                             Type                      Level
   a - Magic Dart                     Conjuration                  1
   b - Blink                          Translocation                2
   c - Call Imp                       Summoning                    2
   d - Slow                           Hexes                        2
   e - Conjure Flame                  Conjuration/Fire             3
   f - Mephitic Cloud                 Conjuration/Poison/Air       3
Comestibles
 d - 2 rations


   Skills:
 - Level 3.6 Fighting
 - Level 1.7 Dodging
 - Level 1.7 Stealth
 + Level 8.4 Spellcasting
 - Level 4.9 Conjurations
   Level 1.0 Summonings
 - Level 2.1 Translocations
 - Level 2.2 Fire Magic
 - Level 2.0 Air Magic
 - Level 2.1 Poison Magic


You had 15 spell levels left.
You knew the following spells:

 Your Spells              Type           Power        Failure   Level  Hunger
a - Magic Dart            Conj           ####         1%          1    None
b - Blink                 Tloc           N/A          5%          2    None
c - Conjure Flame         Conj/Fire      ####....     6%          3    None
e - Mephitic Cloud        Conj/Pois/Air  ###.....     8%          3    None


Dungeon Overview and Level Annotations

Branches:
Dungeon (6/15)             Temple (0/1) D:5

Altars:
Gozag
Okawaru
Xom
The Shining One

Shops:
D:5 *


Innate Abilities, Weirdness & Mutations

You have sharp fingernails.
You are partially covered in yellow scales. (AC +2)
Your flesh is heat resistant. (rF+)
You are mostly covered in sharp spines.


Message History

The fire ignites!
The sky beast flickers out of sight!
Deactivating autopickup; reactivate with Ctrl-A.
Really walk into that cloud of flame?
You closely miss something. Something hits you but does no damage.
Really walk into that cloud of flame?
You closely miss something.
Reactivating autopickup.
You have reached level 9!
Your experience leads to an increase in your attributes!
Your base attributes are Str 10, Int 20, Dex 11.
Increase (S)trength, (I)ntelligence, or (D)exterity?
You feel stronger.
Your demonic ancestry asserts itself...
You feel resistant to heat.
You feel a bit more experienced.
Unknown command.
Casting: Conjure Flame
Confirm with . or Enter, or press ? or * to list all spells.
You don't know that spell.
Are you sure you want to abandon this character and quit the game? (Confirm with "yes".)

#.##..........#
#.#####.####### #.# #.#
#.# #.# #.# #.#########
#.#####.........#######
#....#######...........
####.##### #.##.######.
#.h§@..# #.##.#
#..###.###.##.######.
#..# #.##...#........
#..# #...............
#.Y# ####...##.......
#.h# ##.###.#####. #..#
#.# #.# .
##..#######.###.# .
##............##.# .


You could see a hound.

Vanquished Creatures
  The ghost of Zhenya24pyc the Cudgeler, a novice GrFi (D:5)
  Eustachio (D:3)
  A steam dragon (D:6)
  An orc warrior (D:6)
  A sky beast (D:6)
  An ice beast (D:6)
  The ghost of lrcuk01 the Chopper, an amateur MiBe of Trog (D:3)
  3 ogres
  4 bullfrogs
  3 scorpions
  A howler monkey (D:4)
  2 crimson imps (D:5)
  2 bullfrog zombies
  Ijyb (D:4)
  3 worker ants
  A hound zombie (D:5)
  A hound skeleton (D:5)
  6 adders
  4 gnolls
  5 oozes
  2 worms
  4 dart slugs
  3 leopard geckos
  17 orcs
  4 bats
  2 giant cockroaches
  5 goblins
  A hobgoblin (D:1)
  6 jackals
  6 kobolds
  5 quokkas
  8 frilled lizards
  A quokka skeleton (D:4)
  9 rats
116 creatures vanquished.

Vanquished Creatures (others)
  An ogre (D:6)
  A centaur (D:6)
  3 gnolls (D:6)
  2 jackals (D:6)
  A quokka (D:6)
8 creatures vanquished.

Grand Total: 124 creatures vanquished

Notes
Turn   | Place    | Note
-------+----------+-------------------------------------------
     0 | D:1      | letownia2 the Demonspawn Wizard began the quest for the Orb.
     0 | D:1      | Reached XP level 1. HP: 13/13 MP: 4/4
   150 | D:1      | Gained mutation: You are partially covered in yellow scales. (AC +2) [demonic ancestry]
   150 | D:1      | Reached XP level 2. HP: 19/19 MP: 0/6
   544 | D:2      | Gained mutation: You have sharp fingernails. [demonic ancestry]
   544 | D:2      | Reached XP level 3. HP: 24/24 MP: 1/7
   590 | D:2      | Learned a level 3 spell: Mephitic Cloud
   594 | D:2      | Learned a level 3 spell: Conjure Flame
   631 | D:3      | Found an opulent altar of Gozag.
   631 | D:3      | Noticed lrcuk01's ghost (amateur MiBe)
  1273 | D:2      | Found an iron altar of Okawaru.
  2017 | D:3      | Became a worshipper of Gozag Ym Sagoz the Greedy
  2079 | D:3      | Gained mutation: You are partially covered in sharp spines. [demonic ancestry]
  2079 | D:3      | Reached XP level 4. HP: 30/30 MP: 1/8
  2226 | D:2      | Noticed a bullfrog
  2229 | D:2      | Killed a bullfrog
  2470 | D:1      | Reached XP level 5. HP: 35/35 MP: 5/9
  3128 | D:3      | Learned a level 2 spell: Blink
  3265 | D:3      | Noticed an ogre
  3404 | D:2      | Reached skill level 1 in Air Magic
  3410 | D:3      | Reached skill level 1 in Poison Magic
  3419 | D:3      | Reached skill level 1 in Fire Magic
  3902 | D:4      | Noticed Eustachio
  3943 | D:3      | Killed Eustachio
  3943 | D:3      | Reached skill level 1 in Translocations
  3943 | D:3      | Reached XP level 6. HP: 32/41 MP: 2/10
  4155 | D:4      | Reached XP level 7. HP: 29/46 MP: 2/12
  4451 | D:4      | Noticed Ijyb
  4477 | D:4      | Killed Ijyb
  4477 | D:4      | Reached skill level 1 in Fighting
  4576 | D:4      | Reached skill level 4 in Spellcasting
  4638 | D:5      | Entered Level 5 of the Dungeon
  4992 | D:3      | Killed lrcuk01's ghost
  5215 | D:5      | Reached skill level 5 in Spellcasting
  5234 | D:5      | Noticed Zhenya24pyc's ghost (novice GrFi)
  5236 | D:5      | Gained mutation: You are mostly covered in sharp spines. [demonic ancestry]
  5236 | D:5      | Reached XP level 8. HP: 55/59 MP: 4/15
  5294 | D:5      | Killed Zhenya24pyc's ghost
  5294 | D:5      | Reached skill level 6 in Spellcasting
  5363 | D:5      | Found a staircase to the Ecumenical Temple.
  5386 | D:5      | Found a glowing golden altar of the Shining One.
  5528 | D:5      | Found Duilu's Assorted Antiques.
  5531 | D:5      | Bought a scroll labeled QAGOIK SIXUMI for 16 gold pieces
  5531 | D:5      | Bought a worn gold wand for 64 gold pieces
  5531 | D:5      | Bought a short lead wand for 64 gold pieces
  5767 | D:6      | Reached skill level 7 in Spellcasting
  5835 | D:6      | Found a shimmering altar of Xom.
  5904 | D:6      | Reached skill level 8 in Spellcasting
  6051 | D:6      | Gained mutation: Your flesh is heat resistant. (rF+) [demonic ancestry]
  6051 | D:6      | Reached XP level 9. HP: 64/64 MP: 18/21
  6052 | D:6      | Quit the game

Skill      XL: |  1  2  3  4  5  6  7  8 |
---------------+-------------------------+-----
Conjurations   | 2 3 4 |  4.9
Air Magic      | 1 2 |  2.0
Poison Magic   | 1 2 |  2.1
Fire Magic     | 1 2 |  2.2
Translocations | 1 2 |  2.1
Fighting       | 3 |  3.6
Spellcasting   | 5 8 |  8.4
Dodging        | |  1.7
Stealth        | |  1.7
Summonings     | |  1.0

Action                   |  1- 3 |  4- 6 |  7- 9 || total
-------------------------+-------+-------+-------++-------
Melee: Dagger            |    32 |    21 |    58 ||   111
       Unarmed           |     1 |       |       ||     1
       Whip              |       |    27 |    49 ||    76
 Cast: Magic Dart        |    72 |    88 |    92 ||   252
       Mephitic Cloud    |       |     5 |     9 ||    14
       Conjure Flame     |       |     3 |    16 ||    19
Evoke: Wand              |       |       |     6 ||     6
  Use: Scroll            |       |       |     1 ||     1
 Stab: Sleeping          |     1 |       |       ||     1
       Confused          |       |     2 |     6 ||     8
  Eat: Ration            |     1 |     2 |     3 ||     6
Armor: Robe              |     8 |       |       ||     8
       Ring mail         |    23 |    15 |       ||    38
       Leather armour    |       |     4 |    33 ||    37
Dodge: Dodged            |    47 |    29 |    42 ||   118
